 Dungeon Crawl Stone Soup version 0.23-a0-295-g2e428d4 (webtiles) character file.

243162 George the Peltast (level 18, -18/168 HPs)
             Began as a Minotaur Fighter on Oct 4, 2018.
             Was the Champion of the Shining One.
             Killed from afar by a blizzard demon (50 damage)
             ... with a bolt of cold
             ... in a wizard's laboratory.
             The game lasted 01:09:52 (30679 turns).

George the Peltast (Minotaur Fighter)              Turns: 30679, Time: 01:09:53

Health: -18/168    AC: 19    Str: 25    XL:     18   Next: 70%
Magic:  27/27      EV: 14    Int:  5    God:    the Shining One [******]
Gold:   2807       SH: 21    Dex: 14    Spells: 17/17 levels left

rFire    + . .     SeeInvis .   z - +2 scimitar (flame)
rCold    . . .     Gourm    .   X - +0 large shield
rNeg     + + +     Faith    .   Q - +0 plate armour {rF+}
rPois    +         Spirit   .   O - +2 hat
rElec    .         Reflect  .   n - +0 cloak {rPois}
rCorr    .         Harm     .   b - +0 pair of gloves
MR       ++...                  C - +0 pair of boots
Stlth    ..........             F - amulet of regeneration
HPRegen  0.78/turn              r - ring of protection from magic
MPRegen  0.20/turn              L - +3 ring of protection

@: lethally poisoned (-18 -> -18), corroded, glowing
A: retaliatory headbutt, horns 2
}: 2/15 runes: barnacled, gossamer
a: Divine Shield, Cleansing Flame, Summon Divine Warrior, Brand Weapon With Holy
Wrath, Renounce Religion


You were in a wizard's laboratory.
You worshipped the Shining One.
The Shining One was exalted by your worship.
You were not hungry.

You visited 7 branches of the dungeon, and saw 33 of its levels.
You also visited: Wizlab.

You collected 3707 gold pieces.
You spent 900 gold pieces at shops.

Inventory:

Hand Weapons
 z - a +2 scimitar of flaming (weapon)
 K - a +0 triple sword of holy wrath
Armour
 b - a +0 pair of gloves (worn)
 j - a +0 plate armour of cold resistance
 n - a +0 cloak of poison resistance (worn)
 C - a +0 pair of boots (worn)
 O - a +2 hat (worn)
 Q - a +0 plate armour of fire resistance (worn)
 X - a +0 large shield (worn)
Jewellery
 h - an uncursed ring of flight
 r - a ring of protection from magic (left hand)
 D - an uncursed ring of ice
 F - an amulet of regeneration (around neck)
 L - a +3 ring of protection (right hand)
Wands
 x - a wand of iceblast (13)
 G - a wand of polymorph (62)
 I - a wand of flame (51)
 N - a wand of acid (14)
 S - a wand of paralysis (65)
 Y - a wand of disintegration (21)
Scrolls
 a - 3 scrolls of blinking
 e - 21 scrolls of teleportation
 l - 8 scrolls of remove curse
 o - 8 scrolls of enchant armour
 t - 2 scrolls of magic mapping
 v - 3 scrolls of fog
 w - 4 scrolls of fear
 y - 5 scrolls of immolation
 H - a scroll of summoning
 J - 4 scrolls of silence {unknown}
 T - 3 scrolls of enchant weapon {unknown}
 V - a scroll of holy word {unknown}
 W - a scroll of acquirement {unknown}
Potions
 d - 7 potions of might
 g - 6 potions of curing
 i - 2 potions of flight
 k - 3 potions of agility
 s - 5 potions of haste
 u - 4 potions of cancellation
 A - a potion of magic
 B - 5 potions of heal wounds
 E - 4 potions of berserk rage
 P - a potion of resistance
 R - 3 potions of mutation
Miscellaneous
 c - a fan of gales
 M - a lightning rod (4/4)
Comestibles
 f - 52 rations
 m - 3 chunks of flesh


   Skills:
 + Level 16.4 Fighting
 + Level 15.0 Long Blades
 + Level 16.5 Armour
 + Level 14.9 Dodging
 + Level 16.5 Shields
 + Level 13.9 Invocations
 - Level 8.0 Evocations


You had 17 spell levels left.
You didn't know any spells.
Your spell library contained the following spells:

 Spells                   Type           Power        Failure   Level  Hunger
 Animate Skeleton         Necr           N/A          100%        1    ##.....
 Apportation              Tloc           #.....       100%        1    ##.....
 Confusing Touch          Hex            #.....       100%        1    ##.....
 Corona                   Hex            #......      100%        1    ##.....
 Flame Tongue             Conj/Fire      #....        100%        1    ##.....
 Magic Dart               Conj           #...         100%        1    ##.....
 Sting                    Conj/Pois      #...         100%        1    ##.....
 Summon Small Mammal      Summ           #...         100%        1    ##.....
 Blink                    Tloc           N/A          100%        2    ###....
 Call Imp                 Summ           #.......     100%        2    ###....
 Ensorcelled Hibernation  Hex/Ice        #.....       100%        2    ###....
 Poisonous Vapours        Pois/Air       #.....       100%        2    ###....
 Slow                     Hex            #.......     100%        2    ###....
 Confuse                  Hex            #.......     100%        3    ####...
 Conjure Flame            Conj/Fire      #.......     100%        3    ####...
 Dazzling Spray           Conj/Hex       #.....       100%        3    ####...
 Ignite Poison            Fire/Tmut/Pois #.......     100%        3    ####...
 Mephitic Cloud           Conj/Pois/Air  #.......     100%        3    ####...
 Portal Projectile        Hex/Tloc       #.....       100%        3    ####...
 Tukima's Dance           Hex            #.......     100%        3    ####...
 Olgreb's Toxic Radiance  Pois           #.......     100%        4    #####..
 Summon Ice Beast         Ice/Summ       #.......     100%        4    #####..
 Fireball                 Conj/Fire      #.........   100%        5    ######.
 Irradiate                Conj/Tmut      #.........   100%        5    ######.
 Venom Bolt               Conj/Pois      #.........   100%        5    ######.
 Yara's Violent Unravell  Hex/Tmut       #.........   100%        5    ######.
 Bolt of Cold             Conj/Ice       #.........   100%        6    #######
 Bolt of Fire             Conj/Fire      #.........   100%        6    #######
 Hydra Form               Tmut           #.........   100%        6    #######
 Statue Form              Tmut/Erth      #........    100%        6    #######
 Dragon Form              Tmut           #.........   100%        7    #######
 Malign Gateway           Summ/Tloc      #.........   100%        7    #######
 Ring of Flames           Chrm/Fire      #.........   100%        7    #######
 Ignition                 Fire           #.........   100%        8    #######


Dungeon Overview and Level Annotations

Branches:
Dungeon (15/15)            Temple (1/1) D:7            Lair (6/6) D:10
 Shoals (4/4) Lair:4       Spider (4/4) Lair:2        Slime (0/5) Lair:5
    Orc (2/2) D:9             Elf (0/3) Orc:2        Vaults (1/5) D:14
 Depths (0/5) D:15

Altars:
Ashenzari
Cheibriados
Dithmenos
Elyvilon
Fedhas
Gozag
Hepliaklqana
Kikubaaqudgha
Makhleb
Nemelex Xobeh
Okawaru
Qazlal
Ru
Sif Muna
Trog
Uskayaw
Vehumet
Wu Jian
Xom
Yredelemnul
Zin
The Shining One
Beogh

Shops:
D:12 (!   Orc:2 !:*[   Vaults:1 *

Annotations:
Lair:5 exclusion: 2 oklob plants


Innate Abilities, Weirdness & Mutations

You reflexively headbutt those who attack you in melee.
You have a pair of horns on your head.


Message History

You kill the rust devil!
The Shining One accepts your kill.
You feel better. The blizzard demon gestures at you.
The bolt of lightning hits you!
* * * LOW HITPOINT WARNING * * *
The bolt of lightning hits you!
* * * LOW HITPOINT WARNING * * *
The bolt of lightning hits the blizzard demon.
The blizzard demon completely resists.
The bolt of lightning hits the blizzard demon.
The blizzard demon completely resists.
You block the blizzard demon's attack.
You slash the blizzard demon! You burn the blizzard demon.
You headbutt the blizzard demon.
The blizzard demon is almost dead.
You block the hellwing's attack. x2; You block the blizzard demon's attack.
The blizzard demon hits you but does no damage.
The blizzard demon gestures at you. The bolt of cold hits you!
You die...

..#...#..............#
.....∩................#
#..#...#..##.........##
# ...#....##.......).#
##...##.###.......##
#.##..# ##.....## ...
...⌠ ###..## ##. #..
####.4# .. #.###.##@2#
...#.#.....2##
............##
.#.........#
#.........#
#...........#
.............##
.##..........#
##........##


You could see 2 blizzard demons and a hellwing.

Vanquished Creatures
  Polyphemus (Shoals:2)
  Gastronok (D:8)
  The ghost of grindst0ne the Champion of Chaos, an adept DDFi of Makhleb (Spider:4)
  Ilsuiw (Shoals:2)
  5 ghost moths
  2 vault wardens (Vaults:1)
  Louise (Lair:4)
  A balrug (WizLab)
  2 ironheart preservers (Vaults:1)
  8 emperor scorpions
  The ghost of Seukawalui the Eclecticist, an adept DEWz of Sif Muna (Shoals:4)
  A stone giant (Shoals:3)
  4 entropy weavers
  The ghost of Todyroat the Unseen, a journeyman SpVM of Gozag (Shoals:4)
  The ghost of Zyabb the Unseen, a journeyman SpVM of Gozag (Shoals:4)
  A deep elf annihilator (Vaults:1)
  A black sun (WizLab)
  A dire elephant (Lair:6)
  4 merfolk javelineers
  A green death (WizLab)
  An ettin (Orc:2)
  4 merfolk impalers
  A vault guard (D:14)
  A rakshasa (Vaults:1)
  An ice dragon (Lair:6)
  6 hydras
  2 catoblepae
  A hell beast (WizLab)
  5 merfolk avatars
  The ghost of chorionicmirror the Slinger, a journeyman HaHu of Okawaru (D:13)
  3 two-headed ogres
  5 merfolk aquamancers
  Erica (D:9)
  2 centaur warriors
  An alligator snapping turtle (Shoals:3)
  A satyr (Shoals:3)
  4 tengu warriors
  9 death yaks
  A satyr (shapeshifter) (Vaults:1)
  8 death scarabs (Spider:4)
  A deep elf knight (Vaults:1)
  4 orc high priests (Orc:2)
  A sun demon (WizLab)
  2 soul eaters (WizLab)
  Sonja (Orc:1)
  Nergalle (D:11)
  A spectral emperor scorpion (Spider:4)
  11 sea snakes
  2 unseen horrors
  2 wizards
  2 spectral wolf spiders (Spider:4)
  8 orc knights
  4 deep elf magi
  3 lindwurms (Lair:6)
  9 harpies
  27 wolf spiders
  A necromancer (D:15)
  15 orb spiders
  A wolf spider zombie (Spider:4)
  10 cyclopes
  8 fauns (Shoals:3)
  6 manticores
  7 moths of wrath
  9 ugly things
  10 elephants
  Maurice (D:8)
  3 centaur zombies
  2 rust devils (WizLab)
  A naga mage (D:15)
  7 merfolk sirens
  2 water nymphs (Shoals:3)
  6 black mambas
  2 vault sentinels (Vaults:1)
  11 torpor snails
  9 spiny frogs
  2 rime drakes (Lair:6)
  2 spectral redbacks (Spider:4)
  7 komodo dragons
  4 yaktaurs (Vaults:1)
  3 tengu conjurers
  A redback zombie (Spider:4)
  A hellwing (WizLab)
  A freezing wraith (D:15)
  2 ice devils (WizLab)
  13 demonic crawlers
  A red devil (WizLab)
  41 jumping spiders
  A merfolk (shapeshifter) (Vaults:1)
  11 hornets
  6 wind drakes
  8 trolls
  22 merfolk
  13 slime creatures
  A meliai zombie (D:14)
  2 spectral jumping spiders (Spider:4)
  A tarantella zombie (Spider:4)
  2 tyrant leeches (Lair:6)
  5 snapping turtles
  14 blink frogs
  12 dream sheep
  12 hippogriffs
  3 spectral tarantellas (Spider:4)
  5 jumping spider zombies (Spider:4)
  74 redbacks
  2 wraiths
  Sigmund (D:5)
  49 tarantellas
  2 centaur simulacra (D:15)
  A ynoxinul (WizLab)
  4 water elementals
  A vampire (D:15)
  50 yaks
  A wyvern (D:13)
  3 basilisks
  2 chaos spawn (WizLab)
  11 vampire mosquitoes
  Menkaure (D:4)
  3 wargs
  A soldier ant (D:13)
  14 water moccasins
  7 porcupines
  2 spectral hornets (Spider:4)
  3 ice beasts
  3 phantoms
  23 orc warriors
  3 sky beasts
  4 black bears
  An eye of draining (D:12)
  2 necrophages
  9 wolves
  13 ogres
  The ghost of Nico3ck the Chopper, an amateur DsGl (D:3)
  14 centaurs
  9 crocodiles
  10 bullfrogs
  3 big kobolds
  2 wyvern zombies
  A wyvern skeleton (D:8)
  6 scorpions
  7 wights (D:12)
  A vampire bat (D:3)
  An electric eel (Lair:6)
  5 crimson imps
  2 bullfrog zombies
  A gnoll shaman (D:8)
  8 jellies
  3 bullfrog skeletons
  24 orc priests
  4 hounds
  8 centaur skeletons
  An iguana (D:11)
  27 orc wizards
  12 worker ants
  2 hound skeletons
  14 gnolls
  8 adders
  3 shadow imps
  An ooze (D:2)
  2 adder skeletons
  3 worms
  2 dart slugs
  5 leopard geckos
  105 orcs
  A ball python (D:5)
  14 bats
  8 giant cockroaches
  11 goblins
  3 hobgoblins
  18 jackals
  8 quokkas
  7 frilled lizards
  33 kobolds
  3 quokka skeletons
  5 rats
1179 creatures vanquished.

Vanquished Creatures (collateral kills)
  Rupert (Orc:2)
  A satyr (Shoals:4)
  An orc high priest (Orc:2)
  3 orc knights (Orc:2)
  3 demonic crawlers (Spider:1)
  A jumping spider (Spider:1)
  A merfolk (Shoals:4)
  A tarantella (Spider:1)
  11 orc warriors (Orc:2)
  6 orc priests (Orc:2)
  An orc wizard (Orc:2)
  10 orcs (Orc:2)
40 creatures vanquished.

Vanquished Creatures (others)
  An orb spider (Spider:2)
  A tarantella (Spider:2)
  An orc (D:9)
  9 fungi
  59 plants
  4 withered plants (Shoals:4)
75 creatures vanquished.

Grand Total: 1294 creatures vanquished

Notes
Turn   | Place    | Note
-------+----------+-------------------------------------------
     0 | D:1      | George the Minotaur Fighter began the quest for the Orb.
     0 | D:1      | Reached XP level 1. HP: 19/19 MP: 0/0
   133 | D:1      | Reached XP level 2. HP: 26/26 MP: 1/1
   572 | D:1      | Reached XP level 3. HP: 30/31 MP: 2/2
  1107 | D:2      | Reached skill level 5 in Long Blades
  1467 | D:2      | Reached XP level 4. HP: 39/39 MP: 3/3
  2159 | D:3      | Reached XP level 5. HP: 43/45 MP: 4/4
  2229 | D:3      | Found a white marble altar of Elyvilon.
  2309 | D:3      | Found a glowing golden altar of the Shining One.
  2315 | D:3      | Became a worshipper of the Shining One
  2718 | D:3      | Reached skill level 1 in Dodging
  2718 | D:3      | Reached skill level 1 in Invocations
  2718 | D:3      | Reached XP level 6. HP: 51/52 MP: 3/5
  2827 | D:3      | Found a runed door.
  2827 | D:3      | Noticed Nico3ck's ghost (amateur DsGl)
  2934 | D:3      | Found a shimmering altar of Xom.
  2935 | D:3      | Found an iron altar of Okawaru.
  3005 | D:3      | Killed Nico3ck's ghost
  3005 | D:3      | Reached * piety under the Shining One
  3311 | D:4      | Reached XP level 7. HP: 55/60 MP: 7/7
  3381 | D:4      | Noticed Menkaure
  3389 | D:4      | Killed Menkaure
  3906 | D:5      | Entered Level 5 of the Dungeon
  3926 | D:5      | Noticed Sigmund
  3930 | D:5      | Killed Sigmund
  3930 | D:5      | Reached skill level 5 in Fighting
  3930 | D:5      | Reached skill level 5 in Shields
  3935 | D:5      | Reached skill level 5 in Armour
  3969 | D:5      | Reached XP level 8. HP: 68/68 MP: 9/9
  4011 | D:5      | Found a blossoming altar of Fedhas.
  4131 | D:5      | Reached ** piety under the Shining One
  4388 | D:5      | Identified the Incunabulum of Bewitching Transmutation
  4756 | D:6      | Found a hide-covered altar of Uskayaw.
  5350 | D:7      | Found a staircase to the Ecumenical Temple.
  5356 | Temple   | Entered the Ecumenical Temple
  5531 | D:7      | Found an opulent altar of Gozag.
  5733 | D:8      | Noticed a two-headed ogre
  5882 | D:8      | Killed a two-headed ogre
  5882 | D:8      | Reached XP level 9. HP: 66/78 MP: 7/11
  5934 | D:8      | Noticed Maurice
  5934 | D:8      | Noticed Gastronok
  5955 | D:8      | HP: 3/78 [Gastronok/the air (14)]
  5956 | D:8      | Killed Maurice
  5956 | D:8      | Reached skill level 5 in Dodging
  6205 | D:8      | Killed Gastronok
  6205 | D:8      | Reached skill level 5 in Invocations
  6205 | D:8      | Reached XP level 10. HP: 39/88 MP: 9/13
  7160 | D:8      | Reached skill level 10 in Long Blades
  7222 | D:9      | Noticed Erica
  7234 | D:9      | Killed Erica
  7281 | D:9      | Found a shadowy altar of Dithmenos.
  7322 | D:9      | Found a roughly hewn altar of Beogh.
  7322 | D:9      | Found a staircase to the Orcish Mines.
  7322 | D:9      | Reached *** piety under the Shining One
  7546 | D:9      | Found a bloodstained altar of Trog.
  7593 | D:9      | Found a stormy altar of Qazlal.
  7680 | D:10     | Entered Level 10 of the Dungeon
  7724 | D:10     | Noticed a death yak
  7729 | D:10     | Noticed a death yak
  7731 | D:10     | Noticed a death yak
  7750 | D:10     | Killed a death yak
  7750 | D:10     | Reached XP level 11. HP: 86/95 MP: 11/14
  7756 | D:10     | Killed a death yak
  7797 | D:10     | Found a staircase to the Lair.
  8464 | D:11     | Noticed Nergalle
  8476 | D:11     | Killed Nergalle
  8488 | D:11     | Reached **** piety under the Shining One
  8587 | D:11     | Noticed a red ugly thing
  8603 | D:11     | Killed a red ugly thing
  8651 | D:11     | Noticed a five-headed hydra
  8663 | D:11     | Killed a one-headed hydra
  8737 | D:11     | Noticed a green ugly thing
  8745 | D:11     | Killed a green ugly thing
  8847 | D:11     | Reached skill level 10 in Fighting
  8854 | D:11     | Reached skill level 10 in Shields
  8945 | D:11     | Reached XP level 12. HP: 106/106 MP: 16/16
  9068 | D:12     | Reached skill level 10 in Armour
  9467 | D:12     | Found Faxketen's Weapon Shoppe.
  9468 | D:12     | Found Acu Qadoss's Distillery.
  9468 | D:12     | Reached ***** piety under the Shining One
  9669 | Lair:1   | Entered Level 1 of the Lair of Beasts
 10402 | Lair:2   | Found a hole to the Spider Nest.
 11378 | Lair:3   | Found a radiant altar of Vehumet.
 11441 | Lair:3   | Reached XP level 13. HP: 78/116 MP: 18/18
 12367 | Lair:4   | Found a runed door.
 12387 | Lair:4   | Found a staircase to the Shoals.
 12632 | Lair:5   | Reached skill level 10 in Dodging
 12842 | Lair:5   | Found a staircase to the Slime Pits.
 13667 | Lair:6   | Entered Level 6 of the Lair of Beasts
 14358 | Lair:6   | Reached skill level 10 in Invocations
 14358 | Lair:6   | Reached XP level 14. HP: 103/126 MP: 20/20
 14380 | Lair:6   | Reached ****** piety under the Shining One
 14870 | Lair:6   | Found a runed door.
 15381 | Orc:1    | Entered Level 1 of the Orcish Mines
 15438 | Orc:1    | Found a roughly hewn altar of Beogh.
 15688 | Orc:1    | Noticed Sonja
 15697 | Orc:1    | Killed Sonja
 15792 | Orc:2    | Entered Level 2 of the Orcish Mines
 16322 | Orc:2    | Found a staircase to the Elven Halls.
 16323 | Orc:2    | Noticed Rupert
 16329 | Orc:2    | Paralysed by Rupert for 5 turns
 16347 | Orc:2    | Killed Rupert
 16791 | Orc:2    | HP: 4/129 [orc high priest/enchanted glaive (16)]
 16800 | Orc:2    | HP: 1/129 [orc high priest/divine providence (12)]
 16986 | Orc:2    | Found Ocezad's Distillery.
 16989 | Orc:2    | Found Magriz's General Store.
 16990 | Orc:2    | Found Tarix's Antique Armour Boutique.
 16991 | Orc:2    | Found Ygymiemaott's Book Boutique.
 17532 | Orc:2    | Bought an encrusted chain mail for 361 gold pieces
 17542 | Orc:2    | Identified the +1 chain mail of the Eleven Gods {rPois rF+
                  | MR- Int+2} (You bought it in a shop on level 2 of the
                  | Orcish Mines)
 17556 | Orc:2    | Bought a scroll of identify for 26 gold pieces
 17556 | Orc:2    | Bought a scroll of fear for 45 gold pieces
 17556 | Orc:2    | Bought a potion of curing for 39 gold pieces
 17556 | Orc:2    | Bought a potion of curing for 39 gold pieces
 17559 | Orc:2    | Bought a potion of heal wounds for 50 gold pieces
 17559 | Orc:2    | Bought a potion of resistance for 100 gold pieces
 17559 | Orc:2    | Bought a potion of mutation for 80 gold pieces
 17559 | Orc:2    | Bought a potion of curing for 30 gold pieces
 17559 | Orc:2    | Bought a potion of heal wounds for 50 gold pieces
 17559 | Orc:2    | Bought a potion of might for 40 gold pieces
 17559 | Orc:2    | Bought a potion of might for 40 gold pieces
 17732 | D:13     | Found a runed door.
 17732 | D:13     | Noticed chorionicmirror's ghost (journeyman HaHu)
 17856 | D:13     | Reached XP level 15. HP: 121/136 MP: 22/22
 17948 | D:13     | Reached skill level 1 in Evocations
 18222 | D:13     | Killed chorionicmirror's ghost
 18614 | D:14     | Found a sparkling altar of Nemelex Xobeh.
 18957 | D:14     | Found a gate to the Vaults.
 19132 | D:14     | Got a warped war axe
 19133 | D:14     | Identified the +10 war axe of George's Dismemberment {pain,
                  | rC++ Dex+4 Stlth-} (You found it on level 14 of the
                  | Dungeon)
 19161 | D:15     | Entered Level 15 of the Dungeon
 19464 | D:15     | Found a staircase to the Depths.
 19941 | Spider:1 | Entered Level 1 of the Spider Nest
 20101 | Spider:1 | HP: 4/137 [emperor scorpion (10)]
 20347 | Spider:1 | Noticed a ghost moth
 20352 | Spider:1 | Reached XP level 16. HP: 142/146 MP: 0/23
 21505 | Spider:2 | Reached skill level 5 in Evocations
 23203 | Spider:3 | Reached skill level 15 in Armour
 23598 | Spider:4 | Entered Level 4 of the Spider Nest
 23602 | Spider:4 | Reached skill level 15 in Shields
 23944 | Spider:4 | Reached skill level 15 in Fighting
 24317 | Spider:4 | Reached XP level 17. HP: 145/156 MP: 25/25
 24617 | Spider:4 | Got a clouded brass amulet
 24654 | Spider:4 | Identified the amulet of Summertime {Spirit Dex+3} (You
                  | found it on level 4 of the Spider Nest)
 25038 | Spider:4 | Got a gossamer rune of Zot
 25227 | Spider:4 | Found a runed door.
 25228 | Spider:4 | Noticed grindst0ne's ghost (adept DDFi)
 25510 | Spider:4 | Killed grindst0ne's ghost
 25658 | Shoals:1 | Entered Level 1 of the Shoals
 25658 | Shoals:1 | Noticed Louise
 25696 | Lair:4   | Killed Louise
 26251 | Shoals:1 | Found a snail-covered altar of Cheibriados.
 26395 | Shoals:2 | Noticed Polyphemus
 26435 | Shoals:2 | Killed Polyphemus
 26617 | Shoals:2 | Noticed Ilsuiw
 26691 | Shoals:2 | Killed Ilsuiw
 27723 | Shoals:3 | Reached XP level 18. HP: 166/166 MP: 27/27
 27939 | Shoals:3 | Identified the Handbook of the Volcanoes and Shape Shifting
 28211 | Shoals:4 | Entered Level 4 of the Shoals
 28908 | Shoals:4 | Identified the Handbook of Orientation and the Snowflakes
 29333 | Shoals:4 | Got a barnacled rune of Zot
 29522 | Shoals:4 | Found a runed gate.
 29522 | Shoals:4 | Found a runed gate.
 29522 | Shoals:4 | Found a runed gate.
 29522 | Shoals:4 | Noticed Todyroat's ghost (journeyman SpVM)
 29524 | Shoals:4 | Noticed Zyabb's ghost (journeyman SpVM)
 29524 | Shoals:4 | Noticed Seukawalui's ghost (adept DEWz)
 29736 | Shoals:4 | Killed Zyabb's ghost
 29762 | Shoals:4 | Killed Todyroat's ghost
 29838 | Shoals:4 | Killed Seukawalui's ghost
 30155 | Vaults:1 | Entered Level 1 of the Vaults
 30347 | Vaults:1 | Found Ygeraez's Assorted Antiques.
 30485 | Vaults:1 | Found a magical portal.
 30532 | WizLab   | Entered The Hall of the Hellbinder
 30612 | WizLab   | Reached skill level 15 in Long Blades
 30679 | WizLab   | Killed from afar by a blizzard demon

Vault maps used:
D:1:      minmay_arrival_wavy_path, minmay_tromino_v4_c
D:2:      grunt_ministairs_13
D:3:      gammafunk_temple_overflow_pools, overflow_temple_1_default,
          ebering_ghost_reflecting_pool, roderic_batcave, tso_metal_star
D:4:      first_ration, uniq_menkaure
D:5:      nicolae_overflow_hidden_temple, uniq_sigmund
D:6:      eat_drink_and_be_merry_uskayaw, grunt_decor_mini_mirrors
D:7:      grunt_gozag_statues, temple_fountains
D:8:      uniq_gastronok, uniq_maurice
D:9:      grunt_qazlal_clouds, trog_ov_bears_minmay,
          grunt_dithmenos_smoke_and_mirrors, david_orc_5, uniq_erica
D:10:     dpeg_lair_monsters, grunt_tengu_nest
D:11:     kennysheep_generic_room_3, uniq_nergalle
D:12:     serial_shops, shop, shop
D:13:     hellmonk_ghost_happy_afterlife
D:14:     david_vaults_5, nemelex_xobeh_ov_fountains_minmay,
          lightli_fourway_metalbox
D:15:     grunt_enter_depths_magical_seal, minivault_11
Temple:   cyrus_circular_temple
Lair:2:   nicolae_spider_entry_non_spiders
Lair:3:   basic_altar
Lair:4:   minmay_shoals_entry_lonely_mermaid, pf_torpor_hydra
Lair:5:   minmay_slime_entry_pillars, grunt_megastairs_4,
          minmay_lair_oklob_chamber
Lair:6:   wormcave, hangedman_lair_in_review, lemuel_fruit_tree,
          serial_bayou_shore_b, infiniplex_staircase_pool
Shoals:1: lemuel_centaur_altar, uniq_louise
Shoals:2: uniq_polyphemus, uniq_ilsuiw
Shoals:3: st_shoals_ruin
Shoals:4: shoals_end_simple, gammafunk_ghost_cemetery,
          nicolae_shoals_wave_tunnel
Spider:1: einodemon_crawler_minivault
Spider:2: nicolae_spider_webbed_stairs
Spider:4: floodkiller_spider_rune_tomb, ebering_ghost_reflecting_pool
Orc:1:    basic_altar, guppyfry_library_mini, uniq_sonja
Orc:2:    st_orc_pillars, uniq_rupert
Vaults:1: dpeg_vaults_monster_box, ontoclasm_vaults_twist,
          nicolae_vaults_little_ls, grunt_vaults_twisty, grunt_vaults_focal,
          ontoclasm_vaults_chip, nicolae_vaults_sealed_display, v_pattern_5,
          vaults_room_fours, serial_shops, shop,
          lightli_enter_wizlab_magi_temple
WizLab:   wizlab_demon

Skill      XL: |  1  2  3  4  5  6  7  8  9 10 11 12 13 14 15 16 17 18 |
---------------+-------------------------------------------------------+-----
Long Blades    | 3 4 5 6 7 8 9 10 11 12 13 14 15 | 15.0
Dodging        | 1 2 4 6 7 8 9 10 11 12 13 14 | 14.9
Invocations    | 1 2 4 5 6 7 8 10 11 12 13 | 13.9
Armour         | 4 5 6 7 8 9 11 12 13 14 15 16 | 16.5
Shields        | 4 5 6 7 8 10 11 12 13 14 15 16 | 16.5
Fighting       | 4 5 6 7 8 10 11 12 13 14 15 16 | 16.4
Evocations     | 4 6 7 8 |  8.0

Action                   |  1- 3 |  4- 6 |  7- 9 | 10-12 | 13-15 | 16-18 || total
-------------------------+-------+-------+-------+-------+-------+-------++-------
Melee: Long sword        |    91 |   219 |   187 |    94 |       |       ||   591
       Headbutt          |     8 |    37 |    41 |   153 |   353 |   521 ||  1113
       Scimitar          |       |       |       |   600 |  1407 |  2051 ||  4058
Invok: Divine Shield     |       |       |     5 |     1 |     3 |     2 ||    11
       Cleansing Flame   |       |       |       |       |     3 |     6 ||     9
       Summon Divine War |       |       |       |       |     2 |     1 ||     3
 Abil: Evoke Flight      |       |       |       |       |       |     1 ||     1
Evoke: Wand              |       |       |     3 |       |     8 |     5 ||    16
       Lightning rod     |       |       |       |       |       |     4 ||     4
  Use: Scroll            |       |       |     7 |     3 |     7 |    10 ||    27
       Potion            |       |       |       |       |     4 |     2 ||     6
  Eat: Chunk             |     1 |     7 |     6 |    18 |    32 |    35 ||    99
       Ration            |       |       |     1 |       |       |     1 ||     2
Armor: Scale mail        |    46 |       |       |       |       |       ||    46
       Plate armour      |     1 |   136 |    78 |   238 |   612 |   926 ||  1991
Dodge: Dodged            |    24 |    47 |    43 |   150 |   557 |   807 ||  1628
Block: Shield            |    47 |   130 |   109 |   336 |  1006 |   778 ||  2406
       Large shield      |       |       |       |       |       |  1056 ||  1056
       Rpst.: Long sword |     6 |    12 |    13 |     7 |       |       ||    38
       Scimitar          |       |       |       |    25 |   126 |   157 ||   308

Table legend:
 A = Non-vault XP
 B = Vault XP
 C = Vault XP percentage of total XP
 D = Non-vault monster count
 E = Vault monster count
 F = Vault count percentage of total count
                 A         B        C        D         E       F
            +---------+---------+-------+---------+---------+-------
      Total |  202231 |  148175 |  42.3 |     868 |     353 |  28.9
            +---------+---------+-------+---------+---------+-------
        D:1 |      44 |       1 |   2.2 |      26 |       1 |   3.7
        D:2 |     131 |       7 |   5.1 |      30 |       2 |   6.2
        D:3 |     232 |     179 |  43.6 |      33 |       9 |  21.4
        D:4 |     242 |     169 |  41.1 |      22 |       1 |   4.3
        D:5 |     787 |     220 |  21.8 |      23 |       1 |   4.2
        D:6 |     516 |       0 |   0.0 |      10 |       0 |   0.0
        D:7 |     262 |       0 |   0.0 |       7 |       0 |   0.0
        D:8 |    2505 |    2657 |  51.5 |      20 |       2 |   9.1
        D:9 |    1021 |    1753 |  63.2 |      26 |      26 |  50.0
       D:10 |    1155 |    2905 |  71.6 |      16 |       7 |  30.4
       D:11 |    6261 |     909 |  12.7 |      54 |       2 |   3.6
       D:12 |    4412 |       0 |   0.0 |      30 |       0 |   0.0
       D:13 |    6518 |    1859 |  22.2 |      33 |       2 |   5.7
       D:14 |    9966 |    3539 |  26.2 |      32 |       7 |  17.9
       D:15 |    7311 |    3719 |  33.7 |      17 |       8 |  32.0
     Lair:1 |    3648 |       0 |   0.0 |      16 |       0 |   0.0
     Lair:2 |    4182 |     532 |  11.3 |      20 |       8 |  28.6
     Lair:3 |    5172 |       0 |   0.0 |      24 |       0 |   0.0
     Lair:4 |    4182 |    3433 |  45.1 |      14 |       4 |  22.2
     Lair:5 |    5867 |    1334 |  18.5 |      21 |       8 |  27.6
     Lair:6 |    8888 |   17681 |  66.5 |      28 |      38 |  57.6
   Shoals:1 |    6835 |     438 |   6.0 |      14 |       4 |  22.2
   Shoals:2 |    5668 |   11004 |  66.0 |      10 |      10 |  50.0
   Shoals:3 |   14053 |    4580 |  24.6 |      28 |       7 |  20.0
   Shoals:4 |    4814 |   25819 |  84.3 |       9 |      43 |  82.7
   Spider:1 |   27493 |    1411 |   4.9 |      75 |       6 |   7.4
   Spider:2 |   19835 |       0 |   0.0 |      51 |       0 |   0.0
   Spider:3 |   25783 |       0 |   0.0 |      68 |       0 |   0.0
   Spider:4 |    6671 |   36040 |  84.4 |      15 |      72 |  82.8
      Orc:1 |    3569 |    1092 |  23.4 |      45 |       9 |  16.7
      Orc:2 |    4779 |   11516 |  70.7 |      38 |      55 |  59.1
   Vaults:1 |    9429 |    5326 |  36.1 |      13 |       5 |  27.8
     WizLab |       0 |   10052 | 100.0 |       0 |      16 | 100.0
            +---------+---------+-------+---------+---------+-------
